NYP
VANCOUVER CANADIANS @ CHICAGO (NYP) WHITE SOX
07/23/2047
 
TOP OF THE 1ST
Vancouver Canadians batting - Pitching for Chicago (NYP) White Sox : RHP Yasushi Osumi
Pitching: RHP Yasushi Osumi
Batting: RHB Justin Geiger 0-0: Ball
1-0: Called Strike
1-1: Foul Ball, location: 2F
1-2: Ball
2-2: Strikes out swinging
Batting: LHB Devin Huber 0-0: Foul Ball, location: 2F
0-1: Fly out, F8 (Flyball, 8LM, EV 85.6 MPH)
Batting: RHB John Hering 0-0: Called Strike
0-1: Ball
1-1: Ball
2-1: Ball
3-1: Base on Balls
Batting: RHB Stephen Casteel 0-0: Ball
1-0: Ball
John Hering steals 2nd base
2-0: Swinging Strike
2-1: Foul Ball, location: 2F
2-2: Fly out, F8 (Flyball, 89D, EV 105.6 MPH)
Top of the 1st over - 0 runs, 0 hits, 0 errors, 1 left on base; Vancouver 0 - Chicago (NYP) 0
BOTTOM OF THE 1ST
Chicago (NYP) White Sox batting - Pitching for Vancouver Canadians : RHP Manny Solis
Pitching: RHP Manny Solis
Batting: SHB Tomas Caldera 0-0: Ball
1-0: Ball
2-0: Ground out 6-3 (Groundball, P, EV 87.5 MPH)
Batting: RHB Ethan McCullough 0-0: Called Strike
0-1: Fly out, F8 (Line Drive, 8RD, EV 90.6 MPH)
Batting: RHB Tony Garcia 0-0: Ball
1-0: Ball
2-0: Ball
3-0: Called Strike
3-1: Swinging Strike
3-2: DOUBLE (Line Drive, 3D, EV 93.8 MPH)
Batting: LHB Adam Tarbutton 0-0: Ball
1-0: Called Strike
1-1: Foul Ball, location: 2F
1-2: Ball
2-2: Ball
3-2: Fly out, F4 (Line Drive, 4, EV 72.5 MPH)
Bottom of the 1st over - 0 runs, 1 hit, 0 errors, 1 left on base; Vancouver 0 - Chicago (NYP) 0
TOP OF THE 2ND
Vancouver Canadians batting - Pitching for Chicago (NYP) White Sox : RHP Yasushi Osumi
Batting: RHB Jose Ontiveros 0-0: Called Strike
0-1: Ball
1-1: Ball
2-1: Foul Ball, location: 2F
2-2: Fly out, F9 (Flyball, 9D, EV 101.2 MPH)
Batting: RHB Elliot Manfredini 0-0: Ball
1-0: Foul Ball, location: 2F
1-1: Swinging Strike
1-2: Ground out 5-3 (Groundball, 56S, EV 65.0 MPH)
Batting: LHB Julio Canseco 0-0: Ground out 4-3 (Groundball, 34, EV 88.1 MPH)
Top of the 2nd over - 0 runs, 0 hits, 0 errors, 0 left on base; Vancouver 0 - Chicago (NYP) 0
BOTTOM OF THE 2ND
Chicago (NYP) White Sox batting - Pitching for Vancouver Canadians : RHP Manny Solis
Batting: SHB Manny Berrones 0-0: Called Strike
0-1: DOUBLE (Flyball, 78XD, EV 100.6 MPH)
Batting: RHB Sean Peake 0-0: Ball
1-0: SINGLE (Line Drive, 56, EV 96.2 MPH)
Manny Berrones to third
Batting: RHB Armando Vazquez 0-0: Ball
Sean Peake steals 2nd base
1-0: Foul Ball, location: 2F
1-1: Fly out, F8 (Flyball, 8LD, EV 103.8 MPH)
Runner from 3rd tags up, SCORES, throw by CF
Batting: RHB Kunimatsu Oya 0-0: Called Strike
0-1: Swinging Strike
0-2: Strikes out swinging
Batting: RHB Eduardo Calderon 0-0: Ball
1-0: Foul Ball, location: 2F
1-1: Foul Ball, location: 2F
1-2: Strikes out swinging
Bottom of the 2nd over - 1 run, 2 hits, 0 errors, 1 left on base; Vancouver 0 - Chicago (NYP) 1
TOP OF THE 3RD
Vancouver Canadians batting - Pitching for Chicago (NYP) White Sox : RHP Yasushi Osumi
Batting: RHB Shunsuke Shiba Inu 0-0: Called Strike
0-1: Ball
1-1: Called Strike
1-2: Foul Ball, location: 2F
1-2: Ball
2-2: Foul Ball, location: 2F
2-2: Strikes out swinging
Batting: RHB Mike Johnson 0-0: Foul Ball, location: 2F
0-1: Ball
1-1: Called Strike
1-2: Ground out 6-3 (Groundball, 6MS, EV 85.0 MPH)
Batting: RHB Justin Geiger 0-0: Foul Ball, location: 2F
0-1: Foul Ball, location: 2F
0-2: Strikes out swinging
Top of the 3rd over - 0 runs, 0 hits, 0 errors, 0 left on base; Vancouver 0 - Chicago (NYP) 1
BOTTOM OF THE 3RD
Chicago (NYP) White Sox batting - Pitching for Vancouver Canadians : RHP Manny Solis
Batting: SHB Tomas Caldera 0-0: Ball
1-0: Ball
2-0: Ball
3-0: Called Strike
3-1: Reached on error, E4 (Groundball, 4, EV 100.0 MPH)
Batting: RHB Ethan McCullough 0-0: Ball
1-0: Foul Ball, location: 2F
1-1: Ball
2-1: Called Strike
2-2: Strikes out swinging
Batting: RHB Tony Garcia 0-0: Foul Ball, location: 2F
0-1: Called Strike
0-2: Ground out 5-3 (Groundball, 56S, EV 85.0 MPH)
Batting: LHB Adam Tarbutton 0-0: Ball
1-0: Ball
Wild Pitch!
Tomas Caldera to third
2-0: Called Strike
2-1: SINGLE (Flyball, 8RS, EV 93.1 MPH)
Tomas Caldera scores
Batting: SHB Manny Berrones 0-0: Called Strike
Adam Tarbutton steals 2nd base
0-1: Ball
Wild Pitch!
Adam Tarbutton to third
1-1: Foul Ball, location: 2F
1-2: Ball
2-2: Strikes out looking
Bottom of the 3rd over - 1 run, 1 hit, 1 error, 1 left on base; Vancouver 0 - Chicago (NYP) 2
TOP OF THE 4TH
Vancouver Canadians batting - Pitching for Chicago (NYP) White Sox : RHP Yasushi Osumi
Batting: LHB Devin Huber 0-0: Called Strike
0-1: DOUBLE (Groundball, 5L, EV 97.5 MPH)
Batting: RHB John Hering 0-0: Ground out 5-3 (Groundball, 56S, EV 71.9 MPH)
Devin Huber to third
Batting: RHB Stephen Casteel 0-0: Ball
1-0: Swinging Strike
1-1: TRIPLE (Flyball, 89XD, EV 108.8 MPH)
Devin Huber scores
Batting: RHB Jose Ontiveros 0-0: Called Strike
0-1: Ball
1-1: Foul Ball, location: 2F
1-2: Strikes out looking
Batting: RHB Elliot Manfredini 0-0: Foul Ball, location: 2F
0-1: Ball
1-1: Ball
2-1: SINGLE (Groundball, 56S, EV 95.6 MPH)
Stephen Casteel scores
Batting: LHB Julio Canseco 0-0: Called Strike
Elliot Manfredini steals 2nd base
0-1: Ball
1-1: Called Strike
1-2: Ball
2-2: Ball
3-2: Strikes out swinging
Top of the 4th over - 2 runs, 3 hits, 0 errors, 1 left on base; Vancouver 2 - Chicago (NYP) 2
BOTTOM OF THE 4TH
Chicago (NYP) White Sox batting - Pitching for Vancouver Canadians : RHP Manny Solis
Batting: RHB Sean Peake 0-0: Ground out 5-3 (Groundball, 56S, EV 71.9 MPH)
Batting: RHB Armando Vazquez 0-0: Called Strike
0-1: Ball
1-1: Foul Ball, location: 2F
1-2: Strikes out swinging
Batting: RHB Kunimatsu Oya 0-0: Ball
1-0: Ball
2-0: Called Strike
2-1: Swinging Strike
2-2: Foul Ball, location: 2F
2-2: Strikes out swinging
Bottom of the 4th over - 0 runs, 0 hits, 0 errors, 0 left on base; Vancouver 2 - Chicago (NYP) 2
TOP OF THE 5TH
Vancouver Canadians batting - Pitching for Chicago (NYP) White Sox : RHP Yasushi Osumi
Batting: RHB Shunsuke Shiba Inu 0-0: Called Strike
0-1: Ball
1-1: Swinging Strike
1-2: Ball
2-2: Ball
3-2: Base on Balls
Batting: RHB Mike Johnson 0-0: Ball
Shunsuke Shiba Inu steals 2nd base (no throw)
1-0: Foul Ball, location: 2F
1-1: Ball
2-1: Swinging Strike
2-2: Foul Ball, location: 2F
2-2: Foul Ball, location: 2F
2-2: Ball
3-2: Ground out 6-3 (Groundball, 6, EV 85.0 MPH)
Shunsuke Shiba Inu to third
Batting: RHB Justin Geiger 0-0: Called Strike
0-1: Fly out, F6 (Popup, 6M, EV 58.8 MPH)
Batting: LHB Devin Huber 0-0: Foul Ball, location: 2F
0-1: Ground out 4-3 (Groundball, 4, EV 87.5 MPH)
Top of the 5th over - 0 runs, 0 hits, 0 errors, 1 left on base; Vancouver 2 - Chicago (NYP) 2
BOTTOM OF THE 5TH
Chicago (NYP) White Sox batting - Pitching for Vancouver Canadians : RHP Manny Solis
Batting: RHB Eduardo Calderon 0-0: Foul Ball, location: 2F
0-1: Foul Ball, location: 2F
0-2: Strikes out looking
Batting: SHB Tomas Caldera 0-0: Ball
1-0: Ball
2-0: Ground out 6-3 (Groundball, 4M, EV 86.2 MPH)
Batting: RHB Ethan McCullough 0-0: Swinging Strike
0-1: Swinging Strike
0-2: Ball
1-2: Ball
2-2: Strikes out swinging
Bottom of the 5th over - 0 runs, 0 hits, 0 errors, 0 left on base; Vancouver 2 - Chicago (NYP) 2
TOP OF THE 6TH
Vancouver Canadians batting - Pitching for Chicago (NYP) White Sox : RHP Yasushi Osumi
Batting: RHB John Hering 0-0: Ball
1-0: DOUBLE (Groundball, 5L, EV 94.4 MPH)
Batting: RHB Stephen Casteel 0-0: Ball
1-0: Ball
2-0: Swinging Strike
2-1: Foul Ball, location: 2F
2-2: Ground out 5-3 (Groundball, 56S, EV 65.6 MPH)
John Hering to third
Batting: RHB Jose Ontiveros 0-0: Ball
1-0: Ball
2-0: Ball
3-0: Called Strike
3-1: Foul Ball, location: 2F
3-2: Base on Balls
Batting: RHB Elliot Manfredini 0-0: Ball
1-0: Ball
2-0: Ground out 5-3 (Groundball, 5, EV 83.8 MPH)
Jose Ontiveros to second
Batting: LHB Julio Canseco 0-0: Called Strike
0-1: Swinging Strike
0-2: SINGLE (Groundball, 23, EV 73.8 MPH) (infield hit)
John Hering scores
Jose Ontiveros to third
Batting: RHB Shunsuke Shiba Inu 0-0: Ball
1-0: Called Strike
1-1: Ground out 5-3 (Groundball, 5S, EV 85.6 MPH)
Top of the 6th over - 1 run, 2 hits, 0 errors, 2 left on base; Vancouver 3 - Chicago (NYP) 2
BOTTOM OF THE 6TH
Chicago (NYP) White Sox batting - Pitching for Vancouver Canadians : RHP Manny Solis
Batting: RHB Tony Garcia 0-0: Ball
1-0: SINGLE (Groundball, 56D, EV 97.5 MPH)
Batting: LHB Adam Tarbutton 0-0: Called Strike
0-1: Ball
1-1: Foul Ball, location: 2F
1-2: Foul Ball, location: 2F
1-2: Ball
2-2: Ground out U3 (Groundball, 3S, EV 66.9 MPH)
Tony Garcia to second
Batting: SHB Manny Berrones 0-0: Called Strike
0-1: SINGLE (Line Drive, 4D, EV 95.6 MPH)
Tony Garcia to third
Batting: RHB Sean Peake 0-0: SINGLE (Groundball, 4M, EV 101.2 MPH) (infield hit)
Tony Garcia scores
Manny Berrones to second
Batting: RHB Armando Vazquez 0-0: Ball
1-0: Ball
Passed Ball!
Manny Berrones to third
Sean Peake to second
2-0: Ball
3-0: Called Strike
3-1: Foul Ball, location: 2F
3-2: Strikes out swinging
Batting: RHB Kunimatsu Oya 0-0: Called Strike
0-1: Ball
1-1: Foul Ball, location: 2F
1-2: Foul Ball, location: 2F
1-2: Ball
2-2: SINGLE (Groundball, 56D, EV 98.1 MPH)
Manny Berrones scores
Sean Peake to third
Runner from 3rd tries for Home, SAFE, throw by LF to home
Kunimatsu Oya to second
Batting: RHB Eduardo Calderon 0-0: Ball
1-0: Ball
2-0: Ball
3-0: Called Strike
3-1: Base on Balls
Batting: SHB Tomas Caldera 0-0: Called Strike
0-1: Swinging Strike
0-2: Foul Ball, location: 2F
0-2: Strikes out swinging
Bottom of the 6th over - 3 runs, 4 hits, 0 errors, 2 left on base; Vancouver 3 - Chicago (NYP) 5
TOP OF THE 7TH
Vancouver Canadians batting - Pitching for Chicago (NYP) White Sox : RHP Yasushi Osumi
Pitching: LHP Yusufu Mustafa
Batting: RHB Mike Johnson 0-0: Ball
1-0: TRIPLE (Groundball, 5L, EV 103.8 MPH)
Batting: RHB Justin Geiger 0-0: Foul Ball, location: 2F
0-1: Ball
1-1: Foul Ball, location: 2F
1-2: Ground out 5-3 (Groundball, 56, EV 87.5 MPH)
Mike Johnson scores
Batting: RHB Kennet Strijbis 0-0: Ball
1-0: Called Strike
1-1: Foul Ball, location: 2F
1-2: Foul Ball, location: 2F
1-2: Ball
2-2: Ball
3-2: Reached on error, E4 (Groundball, 4, EV 83.1 MPH)
Batting: RHB John Hering 0-0: Foul Ball, location: 2F
0-1: Ground out 6-3 (Groundball, 56, EV 88.1 MPH)
Batting: RHB Stephen Casteel 0-0: Foul Ball, location: 2F
0-1: Ground out 4-3 (Groundball, 4, EV 81.2 MPH)
Top of the 7th over - 1 run, 1 hit, 1 error, 1 left on base; Vancouver 4 - Chicago (NYP) 5
BOTTOM OF THE 7TH
Chicago (NYP) White Sox batting - Pitching for Vancouver Canadians : RHP Manny Solis
Pitching: RHP Dave August
Batting: RHB Ethan McCullough 0-0: Foul Ball, location: 2F
0-1: Ball
1-1: Hit by Pitch
Batting: RHB Tony Garcia 0-0: Ball
1-0: Called Strike
1-1: Ball
2-1: SINGLE (Groundball, 25, EV 66.2 MPH) (infield hit)
Ethan McCullough to second
Batting: LHB Adam Tarbutton 0-0: SINGLE (Line Drive, 4D, EV 95.6 MPH)
Ethan McCullough to third
Tony Garcia to second
Batting: SHB Manny Berrones 0-0: Ball
1-0: Foul Ball, location: 2F
1-1: Fly out, F9 (Flyball, 89S, EV 78.1 MPH)
Batting: RHB Sean Peake 0-0: Called Strike
0-1: Ball
1-1: Called Strike
1-2: Ball
2-2: Strikes out swinging
Batting: RHB Armando Vazquez 0-0: TRIPLE (Flyball, 9LD, EV 102.5 MPH)
Ethan McCullough scores
Tony Garcia scores
Adam Tarbutton scores
Batting: RHB Kunimatsu Oya 0-0: Ball
1-0: Called Strike
1-1: Ball
2-1: Swinging Strike
2-2: Fly out, F3 (Line Drive, 3, EV 73.8 MPH)
Bottom of the 7th over - 3 runs, 3 hits, 0 errors, 1 left on base; Vancouver 4 - Chicago (NYP) 8
TOP OF THE 8TH
Vancouver Canadians batting - Pitching for Chicago (NYP) White Sox : LHP Yusufu Mustafa
Batting: RHB Jose Ontiveros 0-0: Ball
1-0: Fly out, F8 (Flyball, 89M, EV 85.0 MPH)
Batting: RHB Elliot Manfredini 0-0: Fly out, F6 (Line Drive, 56D, EV 69.4 MPH)
Batting: LHB Julio Canseco 0-0: Ground out 4-3 (Groundball, 4S, EV 91.9 MPH)
Top of the 8th over - 0 runs, 0 hits, 0 errors, 0 left on base; Vancouver 4 - Chicago (NYP) 8
BOTTOM OF THE 8TH
Chicago (NYP) White Sox batting - Pitching for Vancouver Canadians : RHP Dave August
Batting: RHB Eduardo Calderon 0-0: Ball
1-0: SINGLE (Groundball, 4MD, EV 111.2 MPH)
Pitching: RHP Paul Corcoran
Batting: SHB Tomas Caldera 0-0: Bunted foul
0-1: Ball
1-1: Bunt missed!
1-2: Fielders Choice at 2nd, 4-6 (Groundball, 4, EV 92.5 MPH)
Batting: RHB Ethan McCullough 0-0: Ball
Tomas Caldera steals 2nd base
1-0: Called Strike
1-1: Ground out 4-3 (Groundball, 4, EV 91.2 MPH)
Tomas Caldera to third
Batting: RHB Tony Garcia 0-0: Foul Ball, location: 2F
0-1: Foul Ball, location: 2F
0-2: Ball
1-2: Foul Ball, location: 2F
1-2: Foul Ball, location: 2F
1-2: Foul Ball, location: 2F
1-2: Foul Ball, location: 2F
1-2: Foul Ball, location: 2F
1-2: Ball
2-2: Fly out, F8 (Flyball, 8RM, EV 92.5 MPH)
Bottom of the 8th over - 0 runs, 1 hit, 0 errors, 1 left on base; Vancouver 4 - Chicago (NYP) 8
TOP OF THE 9TH
Vancouver Canadians batting - Pitching for Chicago (NYP) White Sox : LHP Yusufu Mustafa
Batting: RHB Shunsuke Shiba Inu 0-0: Foul Ball, location: 2F
0-1: Called Strike
0-2: Ball
1-2: Ball
2-2: Strikes out looking
Batting: RHB Mike Johnson 0-0: Ball
1-0: Ground out 6-3 (Groundball, 6, EV 81.9 MPH)
Batting: RHB Justin Geiger 0-0: Ball
1-0: Called Strike
1-1: Foul Ball, location: 2F
1-2: Foul Ball, location: 2F
1-2: SINGLE (Groundball, 6M, EV 97.5 MPH) (infield hit)
Pitching: LHP Matt Schwartz
Batting: RHB Kennet Strijbis 0-0: Called Strike
0-1: Swinging Strike
0-2: Ball
1-2: Ball
2-2: Foul Ball, location: 2F
2-2: Strikes out swinging
Top of the 9th over - 0 runs, 1 hit, 0 errors, 1 left on base; Vancouver 4 - Chicago (NYP) 8
Thursday, December 15th , 2022 - OOTP Baseball 23.9 Build 102